 Dungeon Crawl Stone Soup version 0.23.2-30-g0e89c35649 (webtiles) character file.

Game seed: 3447688705867116623

383 BorisKarlOrff the Poker (level 6, -7/56 HPs)
             Began as a Minotaur Chaos Knight on June 17, 2019.
             Was a Plaything of Xom.
             Mangled by a two-headed ogre (glowing shapeshifter) (9 damage)
             ... on level 5 of the Dungeon on June 20, 2019.
             The game lasted 00:10:55 (2241 turns).

BorisKarlOrff the Poker (Minotaur Chaos Knight)     Turns: 2241, Time: 00:10:57

Health: -7/56      AC: 12    Str: 16    XL:     6   Next: 47%
Magic:  0/5        EV:  8    Int:  9    God:    Xom [.*....]
Gold:   139        SH:  0    Dex: 18    Spells: 5/5 levels left

rFire    . . .     SeeInvis +   a - +1 spear (chaos)
rCold    + . .     Gourm    .   (no shield)
rNeg     . . .     Faith    .   o - +0 chain mail
rPois    .         Spirit   +   (helmet restricted)
rElec    .         Reflect  .   q - scarf {Spirit}
rCorr    .         Harm     .   (no gloves)
MR       .....                  n - +0 pair of boots {Fly}
Stlth    ..........             (no amulet)
HPRegen  0.18/turn              d - ring of see invisible
MPRegen  0.09/turn              g - +4 ring of dexterity

@: flying
A: retaliatory headbutt, horns 2, yellow scales 1, agile 1, cold resistance 1
a: Renounce Religion, Stop Flying


You were on level 5 of the Dungeon.
You worshipped Xom.
You were a plaything of Xom.
You were not hungry.

You visited 1 branch of the dungeon, and saw 5 of its levels.

You collected 139 gold pieces.

Inventory:

Hand Weapons
 a - a +1 spear of chaos (weapon)
 b - the +0 hand crossbow "Lifebane" {velocity, rPois Str+3}
   (You found it on level 4 of the Dungeon)

   Any bolt fired from it inflicts extra damage.
   It affects your strength (+3).
   It protects you from poison.
Armour
 n - a +0 pair of boots of flying (worn)
 o - a +0 chain mail (worn)
 q - a scarf of spirit shield (worn)
Jewellery
 d - a ring of see invisible (left hand)
 e - a +4 amulet of reflection {unknown}
 g - a +4 ring of dexterity (right hand)
Wands
 m - a wand of acid (12)
Scrolls
 h - 3 scrolls of remove curse
 i - a scroll of fog
Potions
 c - a potion of degeneration {unknown}
 f - 2 potions of invisibility {unknown}
 j - a potion of flight {unknown}
 k - a potion of haste
 l - a potion of might
 p - a potion of heal wounds {unknown}
Comestibles
 r - a ration


   Skills:
 + Level 5.0 Fighting
 + Level 6.2 Polearms
 + Level 4.4 Armour
 + Level 2.9 Dodging
 + Level 0.6 Stealth


You had 5 spell levels left.
You didn't know any spells.
Your spell library was empty.

Dungeon Overview and Level Annotations

Branches:
Dungeon (5/15)             Temple (0/1) D:5

Altars:
Ashenzari
Cheibriados
Okawaru
Ru


Innate Abilities, Weirdness & Mutations

You reflexively headbutt those who attack you in melee.
You have a pair of horns on your head.
You are partially covered in yellow scales. (AC +2)
You are agile. (Dex +2)
Your flesh is cold resistant. (rC+)


Message History

The wolf spider changes into a two-headed ogre!
As you read the scroll of fog, it crumbles to dust.
The scroll dissolves into smoke.
You hit the two-headed ogre.
The two-headed ogre is poisoned.
The two-headed ogre is lightly wounded.
You hit the two-headed ogre. You freeze the two-headed ogre.
The two-headed ogre is lightly wounded.
The two-headed ogre hits you. x2
You hit the two-headed ogre.
The two-headed ogre looks as sick as possible!
The two-headed ogre is moderately wounded.
The two-headed ogre hits you. x2
* * * LOW HITPOINT WARNING * * *
You hit the two-headed ogre. You burn the two-headed ogre.
The two-headed ogre is moderately wounded.
The two-headed ogre hits you!
* * * LOW HITPOINT WARNING * * *
The two-headed ogre hits you!
You die...
Xom guffaws!

##.....#......#####
##.............##
#.S.....).......###
#...................
#....................
#..?.................
#.......§§§.>........
##..$...§§O§.........
##.....#§@§.........
#########§........
##....... #......
######


You could see a two-headed ogre shaped shifter.

Vanquished Creatures
  The ghost of Jabberih the Chopper, an amateur DsGl (D:3)
  2 hounds (D:5)
  A jelly (D:5)
  2 orc wizards
  A worker ant (D:4)
  5 adders
  2 oozes
  An adder skeleton (D:4)
  A worm (D:2)
  2 dart slugs (D:3)
  4 leopard geckos
  4 orcs
  3 giant cockroaches
  6 goblins
  5 hobgoblins
  4 jackals (D:4)
  11 kobolds
  2 quokkas (D:2)
  9 bats
  4 frilled lizards
  A quokka zombie (D:2)
  8 rats
79 creatures vanquished.

Notes
Turn   | Place    | Note
-------+----------+-------------------------------------------
     0 | D:1      | BorisKarlOrff the Minotaur Chaos Knight began the quest for
                  | the Orb.
     0 | D:1      | Reached XP level 1. HP: 19/19 MP: 0/0
    63 | D:1      | Reached skill level 4 in Polearms
   102 | D:1      | Reached XP level 2. HP: 22/27 MP: 1/1
   130 | D:1      | XOM: divination: magic mapping
   443 | D:2      | Reached XP level 3. HP: 32/33 MP: 2/2
   623 | D:2      | Found an iron altar of Okawaru.
   630 | D:2      | Reached XP level 4. HP: 24/40 MP: 3/3
   682 | D:2      | Reached skill level 5 in Polearms
   890 | D:2      | XOM: divination: detect creatures
  1054 | D:3      | Found a faded altar of an unknown god.
  1098 | D:3      | XOM: potion effect (heal wounds)
  1191 | D:3      | Found a shattered altar of Ashenzari.
  1205 | D:3      | Reached XP level 5. HP: 47/47 MP: 4/4
  1225 | D:3      | Found a sacrificial altar of Ru.
  1228 | D:3      | Found a snail-covered altar of Cheibriados.
  1324 | D:3      | XOM: harmless Summ miscast
  1330 | D:3      | XOM: silly message
  1561 | D:3      | Found a runed translucent door.
  1564 | D:3      | Noticed Jabberih's ghost (amateur DsGl)
  1571 | D:3      | XOM: potion effect (might)
  1579 | D:3      | Killed Jabberih's ghost
  1821 | D:3      | XOM: silly message
  2100 | D:4      | Reached XP level 6. HP: 55/55 MP: 5/5
  2130 | D:4      | XOM: 1-stop teleportation journey
  2135 | D:4      | Got a transparent hand crossbow
  2138 | D:5      | Entered Level 5 of the Dungeon
  2149 | D:5      | XOM: give mutations
  2149 | D:5      | Gained mutation: You are partially covered in yellow
                  | scales. (AC +2) [Xom's grace]
  2149 | D:5      | Gained mutation: Your flesh is cold resistant. (rC+) [Xom's
                  | grace]
  2149 | D:5      | Gained mutation: You are agile. (Dex +2) [Xom's grace]
  2157 | D:5      | Reached skill level 6 in Polearms
  2160 | D:5      | Identified the cursed +0 hand crossbow "Lifebane"
                  | {velocity, rPois Str+3} (You found it on level 4 of the
                  | Dungeon)
  2168 | D:5      | XOM: 2-stop teleportation journey
  2175 | D:5      | XOM: enchant monster (good)
  2181 | D:5      | Reached skill level 5 in Fighting
  2182 | D:5      | Noticed a glowing shapeshifter
  2182 | D:5      | a howler monkey changed into a glowing shapeshifter
  2183 | D:5      | Noticed a swamp worm
  2183 | D:5      | a glowing shapeshifter changed into a swamp worm
  2185 | D:5      | XOM: butterfly on damage
  2192 | D:5      | Noticed a torpor snail
  2192 | D:5      | a swamp worm changed into a torpor snail
  2194 | D:5      | Found a staircase to the Ecumenical Temple.
  2200 | D:5      | Noticed a lindwurm
  2200 | D:5      | a torpor snail changed into a lindwurm
  2225 | D:5      | XOM: harmless Tmut miscast
  2233 | D:5      | Noticed a wolf spider
  2236 | D:5      | Noticed a two-headed ogre
  2236 | D:5      | a wolf spider changed into a two-headed ogre
  2241 | D:5      | HP: 2/56 [two-headed ogre (glowing shapeshifter) (12)]
  2241 | D:5      | Mangled by a two-headed ogre (glowing shapeshifter)

Skill      XL: |  1  2  3  4  5  6 |
---------------+-------------------+-----
Polearms       | 4 5 6 |  6.2
Fighting       | 4 5 |  5.0
Armour         | 3 4 |  4.4
Dodging        | 2 |  2.9
Stealth        | |  0.6

Action                   |  1- 3 |  4- 6 || total
-------------------------+-------+-------++-------
Melee: Spear             |    76 |   115 ||   191
       Headbutt          |    12 |    24 ||    36
Evoke: Wand              |       |     2 ||     2
  Use: Scroll            |       |    16 ||    16
       Potion            |       |     1 ||     1
 Stab: Sleeping          |     1 |       ||     1
       Petrified         |       |     3 ||     3
  Eat: Ration            |       |     2 ||     2
Armor: Leather armour    |    26 |     4 ||    30
       Chain mail        |       |    57 ||    57
Dodge: Dodged            |    62 |    61 ||   123
